 Dungeon Crawl Stone Soup version 0.23.0-3-gf3c87f2 (webtiles) character file.

Game seed: 1094147873366199328

1171 Paps the Covert (level 8, -1/48 HPs)
             Began as a Vampire Enchanter on Feb 22, 2019.
             Slain by an orc priest
             ... wielding a +0 trident
              (5 damage)
             ... on level 6 of the Dungeon.
             The game lasted 00:15:06 (4552 turns).

Paps the Covert (Vampire Enchanter)                 Turns: 4552, Time: 00:15:08

Health: -1/48      AC:  5    Str: 11    XL:     8   Next: 18%
Magic:  2/12       EV: 13    Int: 17    God:
Gold:   165        SH:  0    Dex: 15    Spells: 7/13 levels left

rFire    . . .     SeeInvis +   j - +2 dagger (freeze)
rCold    + . .     Gourm    .   (no shield)
rNeg     + + .     Faith    .   b - +0 robe
rPois    +         Spirit   .   (no helmet)
rElec    .         Reflect  .   y - +0 cloak (curse)
rCorr    .         Harm     .   (no gloves)
MR       .....     Clarity  +   (no boots)
Stlth    ++++++....             s - amulet of regeneration
HPRegen  0.28/turn              x - +2 ring of protection
MPRegen  0.13/turn              (no ring)

@: regenerating slowly
A: rotting body, fangs 3, see invisible, clarity, frail 1, poison resistance,
strong 1, unbreathing
a: Bat Form


You were on level 6 of the Dungeon.
You were thirsty.

You visited 1 branch of the dungeon, and saw 6 of its levels.

You collected 165 gold pieces.

Inventory:

Hand Weapons
 j - a +2 dagger of freezing (weapon)
Armour
 b - a +0 robe (worn)
 y - a cursed +0 cloak (worn)
Jewellery
 s - an amulet of regeneration (around neck)
 x - a +2 ring of protection (left hand)
Wands
 l - a wand of enslavement (13)
Scrolls
 a - a scroll of blinking {unknown}
 c - 4 scrolls of teleportation {unknown}
 e - a scroll of identify
 g - a scroll of magic mapping {unknown}
 h - a scroll of remove curse {unknown}
 k - 7 scrolls of enchant weapon {unknown}
 o - a scroll of fog {unknown}
 p - 2 scrolls of random uselessness {unknown}
 q - a scroll of fear {unknown}
 w - a scroll of immolation {unknown}
 z - a scroll of enchant armour {unknown}
Potions
 d - 19 potions of blood
 f - a potion of heal wounds
 i - a potion of flight
 m - 2 potions of cancellation
 r - 2 potions of ambrosia
 t - a potion of might {unknown}
 u - a potion of resistance {unknown}
 v - a potion of curing {unknown}
 A - a potion of brilliance {unknown}
 B - a potion of magic {unknown}


   Skills:
 + Level 1.4 Fighting
 + Level 3.4 Short Blades
 + Level 3.1 Dodging
 * Level 11.3 Stealth
 + Level 3.3 Spellcasting
 * Level 7.9 Hexes


You had 7 spell levels left.
You knew the following spells:

 Your Spells              Type           Power        Failure   Level  Hunger
a - Corona                Hex            ####...      1%          1    None
b - Ensorcelled Hibernat  Hex/Ice        ###...       4%          2    ##.....
c - Confuse               Hex            ####....     1%          3    ###....

Your spell library contained the following spells:

 Spells                   Type           Power        Failure   Level  Hunger
 Tukima's Dance           Hex            ####....     1%          3    ###....
 Dazzling Spray           Conj/Hex       ###...       10%         3    ###....


Dungeon Overview and Level Annotations

Branches:
Dungeon (6/15)
 Temple: D:4-7

Altars:
Ashenzari
Fedhas
Kikubaaqudgha
Makhleb
Yredelemnul
Beogh


Innate Abilities, Weirdness & Mutations

Your body is rotting away.
You thrive on raw meat.
You heal slowly.
You have razor-sharp teeth.
You have supernaturally acute eyesight. (SInv)
You can survive without breathing.
You possess an exceptional clarity of mind.
You are frail. (-10% HP)
Your system is resistant to poisons. (rPois)
Your muscles are strong. (Str +2)


Message History

The orc resists with significant effort.
The orc closely misses you. The orc priest closely misses you.
The centaur wields a +0 shortbow.
The centaur shoots an arrow.
The arrow hits you. The orc barely misses you.
You hit the orc priest but do no damage.
The centaur shoots an arrow.
The arrow hits you. The orc priest barely misses you.
The orc closely misses you. The orc hits you.
You barely miss the orc priest. Your bite misses the orc priest.
The centaur shoots an arrow.
The arrow misses you.
The orc priest mumbles some strange prayers to Beogh against you.
Beogh smites you!
* * * LOW HITPOINT WARNING * * *
The orc closely misses you.
You hit the orc priest. You freeze the orc priest.
The orc priest is moderately wounded.
The centaur shoots an arrow.
The arrow hits you.
* * * LOW HITPOINT WARNING * * *
The orc closely misses you.
The orc priest hits you with a +0 trident.
You die...

# #.# # #.# # #.# #
#.#################### #
#>....................
####..............)......
.........................
#################o....###
.# #@o......# .#
#..o.#....#.# .#
#.).......# # .#
#....PP...# .###
#....PPPP.#.. !..#
#..#PP_ P.#..# ...# #...P
P .# .# ...# #..c
...########


You could see a centaur, an orc priest and 2 orcs.

Vanquished Creatures
  The ghost of Karim the Vexing, an amateur NaAM of Gozag (D:5)
  A phantom (D:4)
  2 ogres
  2 crimson imps
  2 hounds (D:4)
  A centaur zombie (D:5)
  2 orc priests
  8 orc wizards
  A centaur skeleton (D:4)
  An iguana (D:5)
  4 worker ants
  A killer bee zombie (D:6)
  A hound zombie (D:5)
  A worker ant zombie (D:5)
  4 gnolls (D:5)
  5 adders
  2 oozes
  2 adder skeletons (D:4)
  2 worms (D:2)
  4 dart slugs
  3 leopard geckos
  26 orcs
  A ball python (D:2)
  10 bats
  2 giant cockroaches (D:1)
  6 goblins
  8 hobgoblins
  4 jackals (D:4)
  5 frilled lizards
  5 kobolds
  A leopard gecko zombie (D:5)
  9 rats
127 creatures vanquished.

Notes
Turn   | Place    | Note
-------+----------+-------------------------------------------
     0 | D:1      | Paps the Vampire Enchanter began the quest for the Orb.
     0 | D:1      | Reached XP level 1. HP: 13/13 MP: 3/3
    66 | D:1      | Reached XP level 2. HP: 19/19 MP: 5/5
    70 | D:1      | Learned a level 2 spell: Ensorcelled Hibernation
   104 | D:1      | Reached skill level 5 in Hexes
   281 | D:1      | Reached skill level 5 in Stealth
   481 | D:1      | Reached XP level 3. HP: 24/24 MP: 3/6
   526 | D:1      | Learned a level 3 spell: Confuse
   879 | D:2      | Found a shattered altar of Ashenzari.
  1020 | D:2      | Found an ancient bone altar of Kikubaaqudgha.
  1308 | D:3      | Reached skill level 6 in Stealth
  1363 | D:3      | Noticed an ogre
  1368 | D:3      | Killed an ogre
  1368 | D:3      | Reached skill level 7 in Stealth
  1368 | D:3      | Reached XP level 4. HP: 30/30 MP: 7/7
  1368 | D:3      | Reached XP level 5. HP: 35/35 MP: 8/8
  1772 | D:3      | Reached skill level 8 in Stealth
  2470 | D:4      | Reached XP level 6. HP: 42/42 MP: 9/9
  2538 | D:4      | Reached skill level 9 in Stealth
  2961 | D:4      | Reached skill level 1 in Fighting
  3007 | D:4      | Reached XP level 7. HP: 41/48 MP: 3/10
  3453 | D:5      | Entered Level 5 of the Dungeon
  3625 | D:5      | Found a burning altar of Makhleb.
  3653 | D:5      | Reached skill level 10 in Stealth
  3804 | D:5      | Found a runed translucent gate.
  3805 | D:5      | Found a runed translucent gate.
  3805 | D:5      | Noticed Karim's ghost (amateur NaAM)
  3806 | D:5      | Found a runed translucent gate.
  3940 | D:5      | Gained mutation: You possess an exceptional clarity of
                  | mind. [potion of mutation]
  3940 | D:5      | Gained mutation: You are frail. (-10% HP) [potion of
                  | mutation]
  3940 | D:5      | Gained mutation: Your system is resistant to poisons.
                  | (rPois) [potion of mutation]
  3940 | D:5      | Gained mutation: Your muscles are strong. (Str +2) [potion
                  | of mutation]
  3973 | D:5      | Identified the cursed +1 ring mail of the Armoured One
                  | {+Blink rElec Stlth+}
  3975 | D:5      | Found a roughly hewn altar of Beogh.
  4184 | D:5      | Killed Karim's ghost
  4291 | D:6      | Found a basalt altar of Yredelemnul.
  4305 | D:5      | Reached skill level 11 in Stealth
  4307 | D:5      | Reached XP level 8. HP: 38/48 MP: 2/12
  4548 | D:6      | Found a blossoming altar of Fedhas.
  4552 | D:6      | Slain by an orc priest

Skill      XL: |  1  2  3  4  5  6  7 |
---------------+----------------------+-----
Hexes          | 5 6 7 |  7.9
Stealth        | 5 7 8 9 11 | 11.3
Short Blades   | 2 3 |  3.4
Fighting       | 1 |  1.4
Spellcasting   | 3 |  3.3
Dodging        | 3 |  3.1

Action                   |  1- 3 |  4- 6 |  7- 9 || total
-------------------------+-------+-------+-------++-------
Melee: Dagger            |   103 |    98 |   154 ||   355
       Bite              |     8 |     3 |    13 ||    24
 Cast: Ensorcelled Hiber |    12 |    20 |    19 ||    51
       Confuse           |       |     3 |    14 ||    17
  Use: Potion            |       |     2 |     5 ||     7
       Scroll            |       |       |     7 ||     7
 Stab: Sleeping          |    28 |    19 |    23 ||    70
       Confused          |       |     3 |     6 ||     9
Armor: Robe              |    20 |    11 |    34 ||    65
Dodge: Dodged            |    62 |    67 |    84 ||   213
